PA
GWINNETT COUNTY BLACK CATS @ NEBRASKA PLAINSMEN
06/26/2027
 
TOP OF THE 1ST
Gwinnett County Black Cats batting - Pitching for Nebraska Plainsmen : RHP Eric Blauser
Pitching: RHP Eric Blauser
Batting: RHB Sidney Mackell 0-0: Ball
1-0: Swinging Strike
1-1: Foul Ball, location: 2F
1-2: Ball
2-2: Ball
3-2: Base on Balls
Batting: LHB Ramón Vega 0-0: Fly out, F6 (Line Drive, 6M)
Batting: SHB Melito Báez 0-0: Called Strike
Sidney Mackell steals 2nd base
0-1: SINGLE (Groundball, 4MD)
Sidney Mackell to third
Runner from 3rd tries for Home, SAFE, no throw
Batting: SHB Raúl Rodríguez 0-0: Ball
1-0: Swinging Strike
1-1: Called Strike
1-2: Foul Ball, location: 2F
1-2: Ball
2-2: Ball
3-2: Base on Balls
Melito Báez to second
Batting: RHB Neil Sanderson 0-0: Called Strike
0-1: Ball
1-1: Ball
2-1: Ball
3-1: Base on Balls
Melito Báez to third
Raúl Rodríguez to second
Batting: RHB Chang-lit Min 0-0: Ball
1-0: Ball
2-0: Foul Ball, location: 2F
2-1: SINGLE (Line Drive, 89M)
Melito Báez scores
Raúl Rodríguez to third
Neil Sanderson to second
Runner from 3rd tries for Home, SAFE, throw made home
Neil Sanderson to third
Chang-lit Min to second
Batting: LHB Darrell Woodmansee 0-0: Ball
1-0: Ball
2-0: Called Strike
2-1: Fly out, F7 (Flyball, 78M)
Runner from 3rd tags up, SCORES, no throw
Batting: RHB Matt Jeong 0-0: Ball
1-0: Called Strike
1-1: Foul Ball, location: 2F
1-2: Ball
2-2: Strikes out looking
Top of the 1st over - 4 run(s), 2 hit(s), 0 error(s), 1 left on base; Gwinnett County 4 - Nebraska 0
BOTTOM OF THE 1ST
Nebraska Plainsmen batting - Pitching for Gwinnett County Black Cats : LHP Zalontae Hillary
Pitching: LHP Zalontae Hillary
Batting: RHB Hamilton Swan 0-0: Ball
1-0: Ball
2-0: Ball
3-0: Called Strike
3-1: Foul Ball, location: 2F
3-2: Base on Balls
Batting: LHB Gilberto Moreno 0-0: Called Strike
0-1: Ball
1-1: Ball
2-1: Foul Ball, location: 2F
2-2: Ball
3-2: Base on Balls
Hamilton Swan to second
Batting: LHB Lance Antle 0-0: Ball
1-0: Called Strike
1-1: Swinging Strike
1-2: SINGLE (Flyball, 9LS)
Hamilton Swan to third
Gilberto Moreno to second
Batting: SHB Keyveat Postell 0-0: Swinging Strike
0-1: Ball
1-1: Foul Ball, location: 2F
1-2: Foul Ball, location: 2F
1-2: Foul Ball, location: 2F
1-2: SINGLE (Line Drive, 56D)
Hamilton Swan scores
Gilberto Moreno to third
Lance Antle to second
Batting: LHB Josh Platt 0-0: Called Strike
0-1: Ball
1-1: Swinging Strike
1-2: Foul Ball, location: 2F
1-2: Ball
2-2: Strikes out swinging
Batting: RHB Harith Karim 0-0: Ball
1-0: Foul Ball, location: 2F
1-1: Called Strike
1-2: Fly out, F4 (Line Drive, 34D)
Batting: LHB Pedro García 0-0: Called Strike
0-1: Fielders Choice at 2nd, 4-6 (Groundball, 4)
Bottom of the 1st over - 1 run(s), 2 hit(s), 0 error(s), 2 left on base; Gwinnett County 4 - Nebraska 1
TOP OF THE 2ND
Gwinnett County Black Cats batting - Pitching for Nebraska Plainsmen : RHP Eric Blauser
Batting: LHB Octávio Ontiveros 0-0: Called Strike
0-1: Swinging Strike
0-2: Ball
1-2: Ball
2-2: Ball
3-2: Fly out, F3 (Popup, 3S)
Batting: RHB Sidney Mackell 0-0: Ball
1-0: Ball
2-0: Ball
3-0: Base on Balls
Batting: LHB Ramón Vega 0-0: Called Strike
0-1: Ball
1-1: Ball
2-1: Ball
3-1: Foul Ball, location: 2F
3-2: Foul Ball, location: 2F
3-2: SINGLE (Groundball, 34D)
Sidney Mackell to second
Runner from 2nd tries for 3rd, SAFE, no throw
Batting: SHB Melito Báez 0-0: Ball
Ramón Vega steals 2nd base
1-0: Ball
2-0: Ball
3-0: Foul Ball, location: 2F
3-1: SINGLE (Line Drive, 6D)
Sidney Mackell scores
Ramón Vega to third
Runner from 3rd tries for Home, SAFE, no throw
Batting: SHB Raúl Rodríguez 0-0: Called Strike
0-1: Ball
1-1: Foul Ball, location: 2F
1-2: Foul Ball, location: 2F
1-2: Strikes out swinging
Batting: RHB Neil Sanderson 0-0: Ball
1-0: Fly out, F9 (Line Drive, 9S)
Top of the 2nd over - 2 run(s), 2 hit(s), 0 error(s), 1 left on base; Gwinnett County 6 - Nebraska 1
BOTTOM OF THE 2ND
Nebraska Plainsmen batting - Pitching for Gwinnett County Black Cats : LHP Zalontae Hillary
Batting: SHB Bill Bambridge 0-0: Ground out 5-3 (Groundball, 5)
Batting: LHB Michael Cochran 0-0: Ball
1-0: Foul Ball, location: 2F
1-1: Ball
2-1: Ball
3-1: Fly out, F7 (Flyball, 7LSF)
Batting: RHB Hamilton Swan 0-0: Swinging Strike
0-1: Foul Ball, location: 2F
0-2: Strikes out swinging
Bottom of the 2nd over - 0 run(s), 0 hit(s), 0 error(s), 0 left on base; Gwinnett County 6 - Nebraska 1
TOP OF THE 3RD
Gwinnett County Black Cats batting - Pitching for Nebraska Plainsmen : RHP Eric Blauser
Batting: RHB Chang-lit Min 0-0: Ball
1-0: Foul Ball, location: 2F
1-1: Ball
2-1: Ground out 5-3 (Groundball, 56S)
Batting: LHB Darrell Woodmansee 0-0: Called Strike
0-1: Ball
1-1: Ball
2-1: Foul Ball, location: 2F
2-2: Ball
3-2: Fly out, F7 (Flyball, 7S)
Batting: RHB Matt Jeong 0-0: Fly out, F7 (Flyball, 7)
Top of the 3rd over - 0 run(s), 0 hit(s), 0 error(s), 0 left on base; Gwinnett County 6 - Nebraska 1
BOTTOM OF THE 3RD
Nebraska Plainsmen batting - Pitching for Gwinnett County Black Cats : LHP Zalontae Hillary
Batting: LHB Gilberto Moreno 0-0: Called Strike
0-1: Ball
1-1: Called Strike
1-2: Ball
2-2: Strikes out swinging
Batting: LHB Lance Antle 0-0: Fly out, F4 (Line Drive, 4)
Batting: SHB Keyveat Postell 0-0: Called Strike
0-1: Ground out 6-3 (Groundball, 56)
Bottom of the 3rd over - 0 run(s), 0 hit(s), 0 error(s), 0 left on base; Gwinnett County 6 - Nebraska 1
TOP OF THE 4TH
Gwinnett County Black Cats batting - Pitching for Nebraska Plainsmen : RHP Eric Blauser
Batting: LHB Octávio Ontiveros 0-0: Ball
1-0: Called Strike
1-1: Ball
2-1: Swinging Strike
2-2: Strikes out looking
Batting: RHB Sidney Mackell 0-0: Ball
1-0: Ball
2-0: Ball
3-0: Called Strike
3-1: Base on Balls
Batting: LHB Ramón Vega 0-0: Fielders Choice at 2nd, 4-6 (Groundball, 4)
Batting: SHB Melito Báez 0-0: Called Strike
0-1: Ball
Pickoff Throw to First - Out!
Top of the 4th over - 0 run(s), 0 hit(s), 0 error(s), 0 left on base; Gwinnett County 6 - Nebraska 1
BOTTOM OF THE 4TH
Nebraska Plainsmen batting - Pitching for Gwinnett County Black Cats : LHP Zalontae Hillary
Batting: LHB Josh Platt 0-0: SINGLE (Groundball, 25) (infield hit)
Batting: RHB Harith Karim 0-0: Ball
1-0: Ball
2-0: Ball
3-0: Called Strike
3-1: Called Strike
3-2: Foul Ball, location: 2F
3-2: Strikes out swinging
Batting: LHB Pedro García 0-0: SINGLE (Line Drive, 89S)
Josh Platt to second
Batting: SHB Bill Bambridge 0-0: Ball
1-0: Foul Ball, location: 2F
1-1: Called Strike
1-2: Ball
2-2: Foul Ball, location: 2F
2-2: Foul Ball, location: 2F
2-2: Fly out, F9 (Flyball, 9LM)
Batting: LHB Michael Cochran 0-0: Ball
1-0: Swinging Strike
1-1: Ball
2-1: Foul Ball, location: 2F
2-2: Strikes out swinging
Bottom of the 4th over - 0 run(s), 2 hit(s), 0 error(s), 2 left on base; Gwinnett County 6 - Nebraska 1
TOP OF THE 5TH
Gwinnett County Black Cats batting - Pitching for Nebraska Plainsmen : RHP Eric Blauser
Batting: SHB Melito Báez 0-0: Fly out, F7 (Flyball, 78S)
Batting: SHB Raúl Rodríguez 0-0: Ground out 4-3 (Groundball, 4)
Batting: RHB Neil Sanderson 0-0: Foul Ball, location: 2F
0-1: Ball
1-1: Ground out 4-3 (Groundball, 4)
Top of the 5th over - 0 run(s), 0 hit(s), 0 error(s), 0 left on base; Gwinnett County 6 - Nebraska 1
BOTTOM OF THE 5TH
Nebraska Plainsmen batting - Pitching for Gwinnett County Black Cats : LHP Zalontae Hillary
Batting: RHB Hamilton Swan 0-0: Ground out 6-3 (Groundball, 56)
Batting: LHB Gilberto Moreno 0-0: Ball
1-0: Foul Ball, location: 2F
1-1: Foul Ball, location: 2F
1-2: SINGLE (Groundball, 34) (infield hit)
Batting: LHB Lance Antle 0-0: Ball
1-0: Ball
2-0: Called Strike
2-1: Fly out, F8 (Line Drive, 8RD)
Batting: SHB Keyveat Postell 0-0: Ball
1-0: Foul Ball, location: 2F
1-1: Fly out, F8 (Line Drive, 8RS)
Bottom of the 5th over - 0 run(s), 1 hit(s), 0 error(s), 1 left on base; Gwinnett County 6 - Nebraska 1
TOP OF THE 6TH
Gwinnett County Black Cats batting - Pitching for Nebraska Plainsmen : RHP Eric Blauser
Pitching: RHP Daniel Mack
Batting: RHB Chang-lit Min 0-0: Called Strike
0-1: Ball
1-1: Called Strike
1-2: Ball
2-2: Foul Ball, location: 2F
2-2: SINGLE (Groundball, 25) (infield hit)
Batting: LHB Darrell Woodmansee 0-0: Foul Ball, location: 2F
0-1: Ball
1-1: Ball
2-1: Ball
3-1: Foul Ball, location: 2F
3-2: Single, Error in OF, E9, batter to second base
Chang-lit Min to third
Batting: RHB Matt Jeong 0-0: Ball
1-0: Foul Ball, location: 2F
1-1: Swinging Strike
1-2: Ball
2-2: Strikes out swinging
Batting: LHB Octávio Ontiveros 0-0: Ball
1-0: Called Strike
1-1: Ball
2-1: Called Strike
2-2: Ball
3-2: Strikes out swinging
Batting: RHB Sidney Mackell 0-0: Ball
1-0: SINGLE (Flyball, 8RS)
Chang-lit Min scores
Darrell Woodmansee to third
Runner from 3rd tries for Home, SAFE, no throw
Batting: LHB Ramón Vega 0-0: Called Strike
0-1: Called Strike
Sidney Mackell steals 2nd base
0-2: Fly out, F5 (Line Drive, 56)
Top of the 6th over - 2 run(s), 3 hit(s), 1 error(s), 1 left on base; Gwinnett County 8 - Nebraska 1
BOTTOM OF THE 6TH
Nebraska Plainsmen batting - Pitching for Gwinnett County Black Cats : LHP Zalontae Hillary
Batting: LHB Josh Platt 0-0: Ground out 3-1 (Groundball, 34)
Batting: RHB Harith Karim 0-0: Ball
1-0: Ball
2-0: Called Strike
2-1: DOUBLE (Flyball, 8RD)
Batting: LHB Pedro García 0-0: Called Strike
0-1: Ball
1-1: Swinging Strike
1-2: Ball
2-2: Strikes out swinging
Batting: SHB Bill Bambridge 0-0: Swinging Strike
0-1: Foul Ball, location: 2F
0-2: Strikes out swinging
Bottom of the 6th over - 0 run(s), 1 hit(s), 0 error(s), 1 left on base; Gwinnett County 8 - Nebraska 1
TOP OF THE 7TH
Gwinnett County Black Cats batting - Pitching for Nebraska Plainsmen : RHP Daniel Mack
Batting: SHB Melito Báez 0-0: Hit by Pitch
Batting: SHB Raúl Rodríguez 0-0: Called Strike
0-1: Ball
1-1: Foul Ball, location: 2F
1-2: Strikes out swinging
Batting: RHB Neil Sanderson 0-0: Ball
1-0: Ground out U3 (Groundball, 3S)
Melito Báez to second
Batting: RHB Chang-lit Min 0-0: Called Strike
0-1: Ball
1-1: Ball
2-1: Ground out 5-3 (Groundball, 56)
Top of the 7th over - 0 run(s), 0 hit(s), 0 error(s), 1 left on base; Gwinnett County 8 - Nebraska 1
BOTTOM OF THE 7TH
Nebraska Plainsmen batting - Pitching for Gwinnett County Black Cats : LHP Zalontae Hillary
Batting: LHB Michael Cochran 0-0: Called Strike
0-1: Swinging Strike
0-2: Strikes out looking
Batting: RHB Hamilton Swan 0-0: Ball
1-0: Ground out 4-3 (Groundball, 4MD)
Batting: LHB Gilberto Moreno 0-0: Ball
1-0: Ball
2-0: Foul Ball, location: 2F
2-1: Ground out 6-3 (Groundball, 6S)
Bottom of the 7th over - 0 run(s), 0 hit(s), 0 error(s), 0 left on base; Gwinnett County 8 - Nebraska 1
TOP OF THE 8TH
Gwinnett County Black Cats batting - Pitching for Nebraska Plainsmen : RHP Daniel Mack
Batting: LHB Darrell Woodmansee 0-0: Ball
1-0: Ball
2-0: Ball
3-0: Base on Balls
Batting: RHB Matt Jeong 0-0: Ball
1-0: Called Strike
1-1: Foul Ball, location: 2F
1-2: Ball
2-2: Ball
3-2: Foul Ball, location: 2F
3-2: Fly out, F8 (Flyball, 89M)
Batting: LHB Octávio Ontiveros 0-0: Ball
1-0: Ball
2-0: Ball
3-0: Called Strike
3-1: Called Strike
3-2: Ground out 4-3 (Groundball, 4)
Darrell Woodmansee to second
Batting: RHB Sidney Mackell 0-0: Fly out, F9 (Flyball, 9S)
Top of the 8th over - 0 run(s), 0 hit(s), 0 error(s), 1 left on base; Gwinnett County 8 - Nebraska 1
BOTTOM OF THE 8TH
Nebraska Plainsmen batting - Pitching for Gwinnett County Black Cats : LHP Zalontae Hillary
Batting: LHB Lance Antle 0-0: Swinging Strike
0-1: Called Strike
0-2: Foul Ball, location: 2F
0-2: Foul Ball, location: 2F
0-2: Foul Ball, location: 2F
0-2: Fly out, F4 (Popup, 3D)
Batting: SHB Keyveat Postell 0-0: Fly out, F9 (Line Drive, 9)
Batting: LHB Josh Platt 0-0: Ball
1-0: Foul Ball, location: 2F
1-1: Called Strike
1-2: Ball
2-2: Strikes out swinging
Bottom of the 8th over - 0 run(s), 0 hit(s), 0 error(s), 0 left on base; Gwinnett County 8 - Nebraska 1
TOP OF THE 9TH
Gwinnett County Black Cats batting - Pitching for Nebraska Plainsmen : RHP Daniel Mack
Pitching: RHP Jim Unknown
Batting: LHB Ramón Vega 0-0: Ball
1-0: Ball
2-0: Ball
3-0: Called Strike
3-1: Foul Ball, location: 2F
3-2: Fly out, F9 (Line Drive, 9LM)
Batting: SHB Melito Báez 0-0: SOLO HOME RUN (Flyball, 9D), Distance : 404 ft
Batting: SHB Raúl Rodríguez 0-0: Ball
1-0: Foul Ball, location: 2F
1-1: Ball
2-1: Called Strike
2-2: Fly out, F8 (Flyball, 89M)
Pinch Hitting: RHB Scott McMahon 0-0: Called Strike
0-1: Foul Ball, location: 2F
0-2: Ball
1-2: Ball
2-2: Strikes out looking
Top of the 9th over - 1 run(s), 1 hit(s), 0 error(s), 0 left on base; Gwinnett County 9 - Nebraska 1
BOTTOM OF THE 9TH
Nebraska Plainsmen batting - Pitching for Gwinnett County Black Cats : LHP Zalontae Hillary
Pitching: LHP Luis Arreola
Now in LF: Scott McMahon
Batting: RHB Harith Karim 0-0: Ball
1-0: Called Strike
1-1: Foul Ball, location: 2F
1-2: Foul Ball, location: 2F
1-2: Foul Ball, location: 2F
1-2: Foul Ball, location: 2F
1-2: Foul Ball, location: 2F
1-2: Ball
2-2: Strikes out swinging
Batting: LHB Pedro García 0-0: Ball
1-0: Called Strike
1-1: Ball
2-1: Ball
3-1: Ground out 1-3 (Groundball, P)
Batting: SHB Bill Bambridge 0-0: Ball
1-0: Called Strike
1-1: Foul Ball, location: 2F
1-2: Foul Ball, location: 2F
1-2: Strikes out looking
Bottom of the 9th over - 0 run(s), 0 hit(s), 0 error(s), 0 left on base; Gwinnett County 9 - Nebraska 1
Saturday, May 26th, 2018 - OOTP Baseball 17.12 Build 75